[Event "*** SCC Grand Prix: Titled Tuesday Blitz"]
[Site "Chess.com"]
[Date "2020.06.02"]
[Round "3"]
[White "baki83"]
[Black "Ellaijio_B"]
[Result "1/2-1/2"]
[WhiteElo "2827"]
[BlackElo "2639"]
[TimeControl "180+1"]
[EndTime "10:29:12 PDT"]
[Termination "Game drawn by repetition"]

1. e4 c5 2. Nf3 e6 3. d4 cxd4 4. Nxd4 a6 5. c4 b6 6. Nc3 Bb7 7. Be3 Qc7 8. Be2 Nf6 9. f3 Nc6 10. Nxc6 dxc6 11. Qc2 c5 12. f4 Be7 13. Bf3 O-O 14.
g4 Nd7 15. g5 Nb8 16. O-O-O Nc6 17. Qg2 Nd4 18. h4 b5 19. h5 bxc4 20. g6 fxg6 21.
hxg6 h6 22. Kb1 Rab8 23. Bg4 Qb6 24. Rd2 Rf6 25. Bh3 Qa5 26. Rc1 Bc6 27. Bxd4 cxd4 28.
Rxd4 Be8 29. e5 Rxg6 30. Qc2 Rg3 31. Bxe6+ Kh8 32. Ne4 Ra3 33. Bxc4 Bg6 34. Be6 Qb6 35. Qc8+ Rxc8 36. Rxc8+ Kh7 37. f5 Qxd4 38. Bg8+ Kh8 39.
Bd5+ Kh7 40. Bg8+ Kh8 41. Bd5+ Kh7 42. Bg8+ 1/2-1/2

[Event "*** SCC Grand Prix: Titled Tuesday Blitz"]
[Site "Chess.com"]
[Date "2020.06.02"]
[Round "3"]
[White "StockholmMissile"]
[Black "Durarbayli"]
[Result "0-1"]
[WhiteElo "2438"]
[BlackElo "2766"]
[TimeControl "180+1"]
[EndTime "10:29:12 PDT"]
[Termination "Durarbayli won on time"]

1. d4 Nf6 2. c4 e6 3. Nf3 b6 4. a3 Ba6 5. Qc2 Bb7 6. Nc3 c5 7.
e4 cxd4 8. Nxd4 d6 9. Be2 a6 10. Be3 Qc7 11. O-O Nbd7 12. a4 Be7 13. a5 O-O 14. Nb3 b5 15. cxb5 axb5 16. Bxb5 Bxe4 17. Bd3 Bxd3 18. Qxd3 Rfb8 19. Nd4 Ne5 20. Ndb5 Qd8 21. Qe2 Rxa5 22. Rad1 Qd7 23. Nd4 Qb7 24. Rd2 h6 25. h3 Rc8 26. Rfd1 Nc4 27. Rc2 Nxe3 28. Qxe3 Re5 29. Qd2 Rg5 30. f3 Rgc5 31. Kh1 d5 32. Rdc1 Rc4 33. Nce2 Rxc2 34. Rxc2 Ra8 35.
Kh2 Bd6+ 36. Kh1 Nh5 37. Rc1 Ng3+ 38. Nxg3 Bxg3 39. Qc3 Be5 40. Qe3 Qxb2 41. Rd1 Ra1 0-1

[Event "*** SCC Grand Prix: Titled Tuesday Blitz"]
[Site "Chess.com"]
[Date "2020.06.02"]
[Round "3"]
[White "mattcolins2025"]
[Black "LiamPutnam2008"]
[Result "1-0"]
[WhiteElo "2370"]
[BlackElo "2520"]
[TimeControl "180+1"]
[EndTime "10:29:12 PDT"]
[Termination "mattcolins2025 won by checkmate"]

1. d4 Nf6 2. c4 e6 3. Nc3 Bb4 4. Qc2 O-O 5. a3 Bxc3+ 6. Qxc3 b6 7. Bg5 Bb7 8. f3 d5 9. cxd5 exd5 10. e3 Nbd7 11.
Bd3 c5 12. Ne2 h6 13. Bh4 Re8 14. Bf2 Rc8 15. O-O cxd4 16. Qxd4 Nc5 17. Bc2 Nce4 18.
Ba4 Rc4 19. Qd1 Nxf2 20. Kxf2 Re5 21. Nd4 Qe7 22. Re1 Nh5 23. Bb3 Rc5 24. Qd2 Ba6 25. f4 Re4 26. Nf3 Nf6 27. h3 Qc7 28. Rac1 Rec4 29. Rxc4 Bxc4 30. Bc2 Bb3 31. Bb1 Bc2 32. Kg1 Ne4 33. Qb4 Bxb1 34. Rxb1 Rc1+ 35. Rxc1 Qxc1+ 36. Kh2 Qxe3 37. Qe7 Qxf4+ 38. Kg1 Qc1+ 39. Kh2 Qxb2 40.
Qd8+ Kh7 41. Qxd5 Nf6 42. Qf5+ g6 43. Qc8 Kg7 44. Qc7 Qb5 45. Ne5 Qd5 46. Nf3 a5 47. Qxb6 a4 48. Qb4 Qb3 49. Qe7 Qd5 50. Qb4 Qb3 51. Qe7 h5 52. Nd4 Qd5 53. Nf3 Ne4 54.
Ne5 Nd6 55. Nd7 Nf5 56. Qf8+ Kh7 57. Nf6# 1-0

[Event "*** SCC Grand Prix: Titled Tuesday Blitz"]
[Site "Chess.com"]
[Date "2020.06.02"]
[Round "3"]
[White "TigrVShlyape"]
[Black "ZAbdumalik"]
[Result "0-1"]
[WhiteElo "2879"]
[BlackElo "2662"]
[TimeControl "180+1"]
[EndTime "10:29:13 PDT"]
[Termination "ZAbdumalik won by resignation"]

1. d4 Nf6 2. Nf3 g6 3. c3 Bg7 4. Bf4 O-O 5. Nbd2 d6 6. h3 c5 7. dxc5 dxc5 8. e4 Nc6 9. Be2 b6 10. e5 Nd5 11. Bg3 Bf5 12. O-O Qd7 13. Re1 Rad8 14.
Bc4 Nc7 15. Qe2 Qc8 16. a4 Bh6 17. Ne4 Nd5 18. Nfg5 Na5 19. Ba6 Qa8 20. Bh2 Nc7 21. Bd3 Bxg5 22. Nxg5 Bxd3 23. Qg4 h6 24. e6 hxg5 25.
Bxc7 Rd5 26. b4 Nc4 27. Rad1 Qc6 28. Rxd3 Rxd3 29. Qxc4 Qd5 30. Qg4 f6 31. b5 Rc8 32.
Bg3 Rd8 33. Kh2 Kg7 34. c4 Qf5 35. Qe2 R3d4 36. a5 Rc8 37. axb6 axb6 38. Qa2 Re4 39. Rxe4 Qxe4 40. Qa7 Qxe6 41. Bc7 Qxc4 42. Bxb6 Qf4+ 43. Kg1 Qe5 44. g3 c4 45. Bd4 Qe6 46. b6 Qd6 47. b7 Rb8 48. Bb6 c3 49. Be3 c2 50. Kh2 Qc7 51. Qa3 Rxb7 0-1

[Event "*** SCC Grand Prix: Titled Tuesday Blitz"]
[Site "Chess.com"]
[Date "2020.06.02"]
[Round "3"]
[White "Arjun2002"]
[Black "TheFireChess"]
[Result "1-0"]
[WhiteElo "2645"]
[BlackElo "2405"]
[TimeControl "180+1"]
[EndTime "10:29:13 PDT"]
[Termination "Arjun2002 won on time"]

1. e4 c6 2. Nf3 d5 3. Nc3 Bg4 4.
h3 Bxf3 5. Qxf3 Nf6 6. d3 e6 7.
Bd2 Bb4 8. O-O-O d4 9. Nb1 Qa5 10. a3 Bxd2+ 11. Nxd2 c5 12. Nc4 Qc7 13. e5 Nd5 14. Nd6+ Kf8 15. Qe4 Nc6 16. f4 Rd8 17. g4 Ne3 18. Re1 h5 19. Bg2 f6 20. Bf3 fxe5 21. fxe5 Nxe5 22. Qxe5 Qxd6 23. Qxd6+ Rxd6 24. gxh5 b6 25. Rhg1 Rh6 26. Rg3 Rd7 27. Reg1 Rf7 28.
Be4 Nf5 29. Rg5 Rhf6 30. c3 e5 31. Bd5 Rd7 32. Be4 Rdf7 33. b4 dxc3 34. bxc5 bxc5 35.
Kc2 Nd4+ 36. Kxc3 Rf2 37. Kc4 Rd7 38. R5g2 Rxg2 39. Rxg2 Rd6 40. Kxc5 Ra6 41. Kd5 Ra5+ 42. Kd6 Rxa3 43. Kxe5 Nb5 44. Rc2 Ke7 45. Rc8 Ra5 46. Kf4 1-0

[Event "*** SCC Grand Prix: Titled Tuesday Blitz"]
[Site "Chess.com"]
[Date "2020.06.02"]
[Round "3"]
[White "regular_legs"]
[Black "eCztery"]
[Result "1-0"]
[WhiteElo "2558"]
[BlackElo "2356"]
[TimeControl "180+1"]
[EndTime "10:29:13 PDT"]
[Termination "regular_legs won by resignation"]

1. e4 c5 2. Nf3 g6 3. d4 cxd4 4.
Nxd4 Nc6 5. c4 Nf6 6. Nc3 Nxd4 7. Qxd4 d6 8. f3 Bg7 9. Be3 O-O 10. Qd2 a5 11. Na4 Nd7 12. h4 Nc5 13. Nc3 a4 14.
h5 Be6 15. hxg6 fxg6 16. Bd4 h5 17. Bxg7 Kxg7 18. Be2 Rh8 19. Qd4+ Kg8 20. e5 Qb6 21.
exd6 exd6 22. O-O-O a3 23. Nb5 Nb3+ 24. axb3 Qxd4 25. Nxd4 a2 26. Kc2 Kf7 27. Nxe6 Kxe6 28. Bd3 Rhc8 29. Be4 Ra5 30. Bxb7 Rc7 31. Bd5+ Ke5 32. Rhe1+ Kf4 33. b4 a1=Q 34. Rxa1 Rxd5 35. b3 Rg5 36. Re2 Kg3 37. Ra5 Rf5 38. Rxf5 gxf5 39. Kc3 h4 40. Rd2 f4 41. b5 h3 42. gxh3 Kxf3 43.
Rxd6 Kg3 44. b6 Rf7 45. c5 f3 46. Rd1 f2 47. b4 Kg2 48. c6 Re7 49. Rd2 Re3+ 50. Kc4 Re4+ 51. Kb5 Re5+ 52. Ka6 Rd5 53. Rxf2+ Kxf2 54. c7 1-0

[Event "*** SCC Grand Prix: Titled Tuesday Blitz"]
[Site "Chess.com"]
[Date "2020.06.02"]
[Round "3"]
[White "DanielDardha2005"]
[Black "Jospem"]
[Result "1-0"]
[WhiteElo "2663"]
[BlackElo "2879"]
[TimeControl "180+1"]
[EndTime "10:29:14 PDT"]
[Termination "DanielDardha2005 won on time"]

1. e4 c5 2. Nc3 d6 3. Nge2 a6 4. g3 Nf6 5. Bg2 g6 6. d4 cxd4 7.
Nxd4 Bg7 8. O-O O-O 9. a4 Nc6 10. Nde2 Bd7 11. Nd5 Ne5 12. a5 Bb5 13. Be3 e6 14.
Nb6 Rb8 15. b3 Bc6 16. Nc3 Nfd7 17. Nxd7 Nxd7 18. Bd4 Nf6 19. Qd2 Qe7 20. Rfd1 Rfd8 21. Rab1 Rbc8 22. Qg5 Rd7 23. Qe3 h5 24. h3 Kh7 25. Kh2 Bh6 26. Qe2 Bg7 27. Na2 e5 28.
Ba1 d5 29. exd5 Bxd5 30. c4 Bxg2 31. Kxg2 Rcd8 32. b4 Qe6 33. Rxd7 Rxd7 34. b5 axb5 35. Rxb5 Qc6+ 36. Kh2 h4 37. Bxe5 Re7 38. Nb4 Qd7 39.
Qf3 hxg3+ 40. Bxg3 Nh5 41. Nd5 Re1 42. Rxb7 Qe6 43.
Rxf7 Kg8 44. Re7 Qc6 45. Rxe1 1-0

[Event "*** SCC Grand Prix: Titled Tuesday Blitz"]
[Site "Chess.com"]
[Date "2020.06.02"]
[Round "3"]
[White "Dmitry_Konenkin"]
[Black "Alex_Molchanov"]
[Result "0-1"]
[WhiteElo "2284"]
[BlackElo "2507"]
[TimeControl "180+1"]
[EndTime "10:29:14 PDT"]
[Termination "Alex_Molchanov won on time"]

1. d4 g6 2. Nc3 Bg7 3. e4 d6 4. Be2 a6 5. a4 Nd7 6. f4 e6 7. Nf3 Ne7 8. O-O O-O 9. Bd3 c5 10. d5 exd5 11. exd5 Nf6 12. Bc4 Nf5 13. Re1 Bd7 14.
a5 b5 15. axb6 Qxb6 16. Qd3 Nd4 17. Nxd4 cxd4 18. Ne2 Rfe8 19. Bd2 Ng4 20. Ng3 Ne3 21. Bxe3 dxe3 22. c3 Qxb2 23. Rac1 Qb6 24. Kh1 a5 25.
Rb1 Qc5 26. Rb7 Ra7 27. Rxa7 Qxa7 28. Bb5 Bxb5 29. Qxb5 Rb8 30. Qc6 a4 31. Qxd6 a3 32. Ra1 a2 33. h3 Rb1+ 34. Kh2 Rxa1 35. Qd8+ Bf8 36. Ne4 Rh1+ 37. Kg3 Qe7 38. Nf6+ Qxf6 39. Qxf6 a1=Q 40. d6 Qe1+ 41. Kg4 Qd1+ 0-1

[Event "*** SCC Grand Prix: Titled Tuesday Blitz"]
[Site "Chess.com"]
[Date "2020.06.02"]
[Round "3"]
[White "TheoSlade"]
[Black "Vision_64"]
[Result "1-0"]
[WhiteElo "2366"]
[BlackElo "2149"]
[TimeControl "180+1"]
[EndTime "10:29:14 PDT"]
[Termination "TheoSlade won by resignation"]

1. d4 Nf6 2. c4 e6 3. g3 d5 4. Bg2 dxc4 5. Nf3 Nc6 6. Qa4 Bd7 7. Qxc4 Bd6 8. O-O O-O 9. Nc3 a6 10. e4 e5 11. d5 Ne7 12. Bg5 Ng6 13. Rac1 h6 14.
Be3 Ne8 15. Nd2 f5 16. exf5 Bxf5 17. Nde4 Rc8 18. Rfd1 Ne7 19. Qe2 Nf6 20. Nxf6+ Rxf6 21. Ne4 Bxe4 22. Bxe4 Nf5 23. Bxf5 Rxf5 24. Qd3 Qf8 25. Qe4 Re8 26. Kg2 Qf7 27. b4 Rf8 28. Rc2 Qh5 29. Rdc1 Qg6 30. Rc4 Qf7 31. R1c2 Kh8 32. a4 Qe7 33. b5 axb5 34. axb5 b6 35. Ra4 Qf7 36. Ra7 Qd7 37. Bxb6 Qxb5 38. Bxc7 Bc5 39. Raa2 Bd4 40. d6 Qd7 41. Re2 Rh5 42. Kg1 Qh3 43.
Qg2 Qe6 44. Rad2 Rhf5 45. Rxd4 Qb3 46. Rdd2 Qb1+ 47. Qf1 Qb7 48. Ba5 Qc6 49. d7 Rf3 50. d8=Q 1-0

[Event "*** SCC Grand Prix: Titled Tuesday Blitz"]
[Site "Chess.com"]
[Date "2020.06.02"]
[Round "3"]
[White "Klavdia_Nik"]
[Black "not_najdorfs_player"]
[Result "0-1"]
[WhiteElo "2062"]
[BlackElo "2308"]
[TimeControl "180+1"]
[EndTime "10:29:14 PDT"]
[Termination "not_najdorfs_player won on time"]

1. Nf3 d5 2. c4 e6 3. b3 Nf6 4. Bb2 Be7 5. g3 O-O 6. Bg2 c5 7. O-O Nc6 8. d3 b6 9. cxd5 exd5 10. d4 Bb7 11. e3 Rc8 12. Nc3 a6 13. Rc1 Re8 14.
Qd3 Bf8 15. Rfd1 Qd7 16. dxc5 Bxc5 17. Nxd5 Nxd5 18. Qxd5 Qxd5 19. Rxd5 Nb4 20. Rg5 Nd3 21. Rxg7+ Kf8 22. Ng5 Nxb2 23. Rxf7+ Kg8 24. Bxb7 Rcd8 25. Rc7 Re7 26. Rxe7 Bxe7 27. Ne6 Rd6 28. Nd4 Bf6 29. Rc8+ Kf7 30. Nf5 Rd1+ 31. Kg2 Nd3 32. Be4 Ne1+ 33. Kh3 h5 34. Rc7+ Ke8 35. Rc6 Bd8 36. Rh6 Rd2 37. Rxh5 Rxf2 38. Rh7 Bf6 39. Nd6+ Kd8 40.
Bc6 Be7 0-1

[Event "*** SCC Grand Prix: Titled Tuesday Blitz"]
[Site "Chess.com"]
[Date "2020.06.02"]
[Round "3"]
[White "Indianlad"]
[Black "Shubinkirill2003"]
[Result "0-1"]
[WhiteElo "3018"]
[BlackElo "2720"]
[TimeControl "180+1"]
[EndTime "10:29:15 PDT"]
[Termination "Shubinkirill2003 won by resignation"]

1. d4 e6 2. Nf3 Nf6 3. c4 Bb4+ 4.
Bd2 a5 5. g3 d6 6. Bg2 Nbd7 7.
O-O e5 8. Nc3 O-O 9. Qc2 Re8 10.
Rad1 exd4 11. Nxd4 h6 12. a3 Bc5 13. Nb3 a4 14.
Nxc5 Nxc5 15. e4 Nfd7 16. Be3 Ra5 17. Rfe1 Ne5 18. f4 Nxc4 19. Bxc5 Rxc5 20. Nxa4 Rc6 21.
Nc3 Bg4 22. Rc1 Qa8 23. h3 Bd7 24. Qf2 Qa5 25. Nd5 Be6 26. Nb4 Rc5 27. f5 Bd7 28. Nd3 Rc6 29. f6 Ne5 30. Nxe5 Qxe5 31. fxg7 Qxg7 32.
Rcd1 Rb6 33. b4 Bc6 34. Rd3 Rb5 35. Rde3 Rbe5 36. Kh2 Qg5 37. h4 Qg7 38. Qc2 d5 39. a4 dxe4 40. b5 Bd5 41. Qxc7 f5 42. Qd6 R8e6 43.
Qb8+ Re8 44. Rf1 Rxb8 0-1

[Event "*** SCC Grand Prix: Titled Tuesday Blitz"]
[Site "Chess.com"]
[Date "2020.06.02"]
[Round "3"]
[White "Fusikk"]
[Black "amiralfio"]
[Result "1-0"]
[WhiteElo "2602"]
[BlackElo "2393"]
[TimeControl "180+1"]
[EndTime "10:29:15 PDT"]
[Termination "Fusikk won by resignation"]

1. d4 Nf6 2. c4 g6 3. Nc3 d5 4.
Bf4 Bg7 5. e3 O-O 6. Rc1 c6 7.
h3 Bf5 8. Nf3 Nbd7 9. c5 Ne4 10.
Bd3 e5 11. Nxe5 Nxe5 12. Bxe5 Bxe5 13. dxe5 Qg5 14. Bxe4 Bxe4 15. Nxe4 dxe4 16. O-O Qxe5 17. Qb3 Qe7 18. Rc4 Rfd8 19. Qb4 f5 20. Rc3 b5 21.
Qa5 Rd2 22. b3 Rad8 23. Rcc1 Kg7 24. Qb4 Rxa2 25. Rfd1 a5 26. Qc3+ Kh6 27. Rxd8 Qxd8 28. Qe5 Rd2 29. Ra1 Rd1+ 30. Rxd1 Qxd1+ 31. Kh2 Qd7 32. Qd6 Qc8 33. Qe7 a4 34. bxa4 bxa4 35. Qa7 Kg5 36. Qxa4 Qb8+ 37. g3 Qe5 38. Qxc6 Qb2 39.
Kg2 Qe2 40. Qd6 Qf3+ 41. Kg1 Kh5 42. c6 1-0

[Event "*** SCC Grand Prix: Titled Tuesday Blitz"]
[Site "Chess.com"]
[Date "2020.06.02"]
[Round "3"]
[White "Colombiano07"]
[Black "flexova"]
[Result "1-0"]
[WhiteElo "2337"]
[BlackElo "2479"]
[TimeControl "180+1"]
[EndTime "10:29:15 PDT"]
[Termination "Colombiano07 won on time"]

1. Nf3 Nf6 2. b3 c5 3. Bb2 e6 4. e3 b6 5. Be2 Bb7 6. O-O Be7 7. c4 O-O 8. d3 d5 9. cxd5 Nxd5 10. Nbd2 Bf6 11. Qc2 Nb4 12. Qb1 Bxb2 13. Qxb2 Nxd3 14. Qb1 Nb4 15. a3 Nd5 16. Rc1 Nc6 17. Qc2 Qe7 18.
Rd1 Rfd8 19. Rac1 h6 20. h3 Rac8 21. Qb1 Nf6 22. Nc4 Rxd1+ 23. Rxd1 Rd8 24. Rxd8+ Qxd8 25. Qb2 Qd5 26. Nfd2 Ne5 27. f3 Nxc4 28. Nxc4 Nd7 29.
Kf2 a6 30. a4 b5 31. axb5 axb5 32. Na3 b4 33. Nc4 Ba6 34. Qa2 Bxc4 35. Bxc4 Qc6 36.
Qa7 Ne5 37. Qb8+ Kh7 38. Qxe5 g6 39. Qf6 Qd7 40. Qb2 h5 41. Ke2 Qd6 42. f4 Qc6 43.
Kf2 Qe4 44. Qf6 Qc2+ 45. Kg3 Kg8 46. Qe5 Qd2 47. Qxc5 Qe1+ 48. Kh2 h4 49. Qg5 Kg7 50. e4 1-0

[Event "*** SCC Grand Prix: Titled Tuesday Blitz"]
[Site "Chess.com"]
[Date "2020.06.02"]
[Round "3"]
[White "umngqusho"]
[Black "GodDMuhammad"]
[Result "1-0"]
[WhiteElo "2504"]
[BlackElo "2285"]
[TimeControl "180+1"]
[EndTime "10:29:15 PDT"]
[Termination "umngqusho won by checkmate"]

1. e4 c6 2. d3 d5 3. Nd2 e5 4. Ngf3 Bd6 5. Be2 f5 6. O-O Nf6 7. d4 fxe4 8. dxe5 exf3 9. Nxf3 O-O 10. exd6 Qxd6 11. h3 Bf5 12. c4 Nbd7 13. Be3 Be4 14. Qb3 b6 15. Rad1 Rae8 16. Ng5 Qe5 17. Nxe4 dxe4 18. c5+ Kh8 19. cxb6 axb6 20. Bd4 Qg5 21. Bxf6 Nxf6 22. Qxb6 c5 23. Qd6 Rf7 24. Bb5 Ref8 25. Qe6 h6 26. Be2 Rb7 27. b3 Ra7 28. a4 Rb7 29. a5 Re8 30. Qc4 Rb4 31. Qf7 Rd4 32. a6 Qe5 33. a7 Ra8 34. Qb7 Qe8 35. Bb5 Qd8 36. Rc1 Nd7 37. Bc6 Nb6 38. Bxe4 Rd7 39. Qc6 Raxa7 40. Qg6 Qg8 41. Rxc5 Nc8 42. Rxc8 Rd6 43.
Qh7# 1-0

[Event "*** SCC Grand Prix: Titled Tuesday Blitz"]
[Site "Chess.com"]
[Date "2020.06.02"]
[Round "3"]
[White "chenxiaoyuer"]
[Black "Kirill_Klukin"]
[Result "0-1"]
[WhiteElo "2317"]
[BlackElo "2719"]
[TimeControl "180+1"]
[EndTime "10:29:16 PDT"]
[Termination "Kirill_Klukin won on time"]

1. e4 c5 2. Nf3 Nc6 3. d4 cxd4 4. Nxd4 e5 5. Nb5 d6 6. N1c3 a6 7. Na3 Be7 8. Nc4 b5 9. Ne3 Nf6 10. Ned5 O-O 11. Be2 Nxd5 12. Nxd5 Be6 13. c3 Bg5 14. O-O Bxc1 15. Rxc1 Rb8 16. Ne3 Qc7 17. Qd2 Rfd8 18. c4 b4 19. b3 a5 20. Nc2 Rbc8 21. Qe3 Nb8 22. f4 exf4 23. Rxf4 Qc5 24. Rcf1 Nc6 25.
Bg4 Bxg4 26. Rxg4 a4 27. Kh1 Qxe3 28. Nxe3 axb3 29. axb3 Ra8 30. Nf5 g6 31. Nh6+ Kg7 32. Nxf7 Rf8 33. Rgf4 Ne5 34. Ng5 Rxf4 35. Ne6+ Kh6 36.
Nxf4 Rf8 37. Kg1 Nd7 38. Nd5 Ra8 39. Nxb4 Nc5 40. Rd1 Nxe4 41. Nd5 Ra2 42. Ne3 Rb2 43. h3 Rxb3 44. Nd5 Rb2 45. Nf4 Kg7 46. Rd4 Ng3 47. Rxd6 Rc2 0-1

[Event "*** SCC Grand Prix: Titled Tuesday Blitz"]
[Site "Chess.com"]
[Date "2020.06.02"]
[Round "3"]
[White "Poghosyan_Suren"]
[Black "GMKrikor"]
[Result "0-1"]
[WhiteElo "2436"]
[BlackElo "2759"]
[TimeControl "180+1"]
[EndTime "10:29:16 PDT"]
[Termination "GMKrikor won by checkmate"]

1. e4 c5 2. Nf3 d6 3. c3 Nf6 4. Bd3 Bg4 5. h3 Bxf3 6. Qxf3 Nc6 7. Bc2 g6 8. O-O Bg7 9. Qe2 O-O 10. f4 Nd7 11. d3 b5 12. Nd2 b4 13. cxb4 Nxb4 14. Nc4 Rb8 15. Bb3 Nc6 16. Be3 Nd4 17. Bxd4 Bxd4+ 18. Kh2 Qc7 19. Kh1 Nf6 20. e5 Nh5 21. Rf3 d5 22.
Nd2 e6 23. g4 Ng7 24. Nf1 a5 25. Rb1 Rb4 26. Qc2 g5 27. fxg5 Qxe5 28. g6 hxg6 29.
Ng3 Qd6 30. Kg2 Qc6 31. Rbf1 a4 32. g5 axb3 33. axb3 Qb7 34. h4 Rxb3 35. Qd1 Rxb2+ 36. Kh3 Qc7 37. h5 Nxh5 38. Qe1 Nxg3 39. Rxg3 Be5 40. Rg4 Rh2# 0-1

[Event "*** SCC Grand Prix: Titled Tuesday Blitz"]
[Site "Chess.com"]
[Date "2020.06.02"]
[Round "3"]
[White "GoltsevDmitry2000"]
[Black "rasmussvane"]
[Result "0-1"]
[WhiteElo "2643"]
[BlackElo "2891"]
[TimeControl "180+1"]
[EndTime "10:29:17 PDT"]
[Termination "rasmussvane won by checkmate"]

1. e4 c6 2. Nf3 d5 3. exd5 cxd5 4.
d4 Nf6 5. c4 Nc6 6. Nc3 a6 7.
h3 g6 8. Bg5 Be6 9. Bxf6 exf6 10. cxd5 Bxd5 11. Nxd5 Qxd5 12. a3 Bg7 13. Qe2+ Kd7 14.
Qc4 Rhe8+ 15. Kd2 Kd6 16. Bd3 Bh6+ 17. Kc2 Rac8 18. Qxd5+ Kxd5 19. Kb3 Nxd4+ 20. Nxd4 Kxd4 21. Rad1 Kc5 22. Bc4 Re7 23. Bxf7 Rc6 24. Bd5 Rb6+ 25. Kc3 Rd6 26. b4+ Kb6 27. Bf3 Bf4 28. Rxd6+ Bxd6 29. Rd1 Be5+ 30. Kb3 Rc7 31. Bd5 Rc3+ 32. Ka2 Rc2+ 33. Kb3 Rxf2 34. Bf3 Rb2+ 35. Ka4 Kc7 36. Rc1+ Kb8 37.
Rd1 Bc7 38. b5 axb5# 0-1

[Event "*** SCC Grand Prix: Titled Tuesday Blitz"]
[Site "Chess.com"]
[Date "2020.06.02"]
[Round "3"]
[White "BogdanBelyakov89"]
[Black "Zufi1811"]
[Result "1-0"]
[WhiteElo "2657"]
[BlackElo "2458"]
[TimeControl "180+1"]
[EndTime "10:29:17 PDT"]
[Termination "BogdanBelyakov89 won on time"]

1. e4 c5 2. c3 Nf6 3. e5 Nd5 4. Nf3 Nc6 5. d4 cxd4 6. cxd4 d6 7. Bc4 e6 8. O-O Be7 9. Qe2 O-O 10. Bd2 dxe5 11.
dxe5 Qb6 12. Nc3 Nxc3 13. Bxc3 Rd8 14. Bd3 Bd7 15. a3 Be8 16. h4 g6 17. h5 Bf8 18.
hxg6 hxg6 19. Rad1 Ne7 20. Qe4 Rxd3 21. Rxd3 Bb5 22.
Rfd1 Bxd3 23. Rxd3 Nd5 24. Bd4 Qc6 25. Bc3 Rc8 26. Qh4 Be7 27. Qh6 Qc4 28. Rd4 Qe2 29. Rxd5 exd5 30. e6 Qd1+ 31. Kh2 Bd6+ 32. g3 Rxc3 33.
exf7+ Kxf7 34. Ng5+ Kf6 35. bxc3 Qe2 36. Nh3 Qe5 37. Qh8+ Ke6 38. Qc8+ Kf6 39. Qxb7 a5 40.
Qb5 1-0

[Event "*** SCC Grand Prix: Titled Tuesday Blitz"]
[Site "Chess.com"]
[Date "2020.06.02"]
[Round "3"]
[White "diablanni"]
[Black "lukas_111111"]
[Result "0-1"]
[WhiteElo "2346"]
[BlackElo "2537"]
[TimeControl "180+1"]
[EndTime "10:29:17 PDT"]
[Termination "lukas_111111 won by resignation"]

1. e4 e6 2. d4 d5 3. Nc3 Bb4 4. e5 c5 5. a3 Bxc3+ 6. bxc3 Qc7 7. Qg4 f6 8. Nf3 c4 9. exf6 Nxf6 10. Qh4 O-O 11. Be2 Ne4 12. Ng5 Nxg5 13. Bxg5 Nc6 14. O-O Qf7 15. Rae1 Bd7 16. Bc1 Ne7 17. f4 Nf5 18.
Qh3 Nd6 19. Qe3 Ne4 20. Bf3 Bc6 21. Kh1 Kh8 22. Rg1 Qc7 23. Ref1 Qa5 24. Bxe4 dxe4 25. g4 Qd5 26. h3 Rf7 27. Kh2 Raf8 28. Rf2 g5 29. Rgf1 Qd6 30. Kg3 h5 31. gxh5 Rg8 32. Kh2 Rh7 33. Qg3 g4 34. hxg4 Rxh5+ 35. Kg1 e3 36.
Rh2 Rxh2 37. Qxh2+ Kg7 38. Bxe3 Rh8 39. Qg3 Qd5 40. f5 exf5 41. gxf5+ Kf8 42. Qb8+ Be8 43. Kf2 Rh3 44. Qe5 Qf3+ 45. Ke1 Qxe3+ 46. Qxe3 Rxe3+ 47. Kd2 Rh3 48. f6 Bg6 49. Re1 Rh2+ 0-1

[Event "*** SCC Grand Prix: Titled Tuesday Blitz"]
[Site "Chess.com"]
[Date "2020.06.02"]
[Round "3"]
[White "BillieKimbah"]
[Black "vovachesss"]
[Result "1-0"]
[WhiteElo "2879"]
[BlackElo "2642"]
[TimeControl "180+1"]
[EndTime "10:29:18 PDT"]
[Termination "BillieKimbah won on time"]

1. d4 Nf6 2. Nf3 d6 3. Nc3 Nbd7 4. e4 e5 5. Bc4 Be7 6. a4 O-O 7. O-O c6 8. Re1 b6 9. d5 c5 10. a5 h6 11. Bb5 Ne8 12. axb6 Qxb6 13. Nd2 a6 14.
Nc4 Qc7 15. Bc6 Rb8 16. b3 f5 17. exf5 Rxf5 18. f4 Bf6 19. Ne4 exf4 20. Nxf6+ Nexf6 21. Bb2 Ne5 22. Nxe5 dxe5 23. Ba4 c4 24. d6 Qc5+ 25. Kh1 Bd7 26. Bxd7 Nxd7 27. Qg4 Rbf8 28. Rxa6 c3 29. Ba3 Qf2 30. Rg1 f3 31. gxf3 Rg5 32. Qc4+ Kh7 33. Rxg5 hxg5 34. Qd3+ Kh6 35. Bc1 Rxf3 36. Qd1 Rh3 37.
Qg1 Qf3+ 38. Qg2 Qd1+ 39. Qg1 Qf3+ 40. Qg2 Qd1+ 41. Qg1 1-0

[Event "*** SCC Grand Prix: Titled Tuesday Blitz"]
[Site "Chess.com"]
[Date "2020.06.02"]
[Round "3"]
[White "Gajuchess"]
[Black "Riptide27"]
[Result "1-0"]
[WhiteElo "2774"]
[BlackElo "2595"]
[TimeControl "180+1"]
[EndTime "10:29:18 PDT"]
[Termination "Gajuchess won by resignation"]

1. d4 e6 2. c4 Nf6 3. Nf3 d5 4. Nc3 dxc4 5. e3 a6 6. Bxc4 b5 7. Bb3 Bb7 8. O-O Nbd7 9. Qe2 c5 10. Rd1 c4 11. Bc2 b4 12. Na4 Qa5 13. Qxc4 Rc8 14. Qe2 Qb5 15. Qxb5 axb5 16. Nc5 Nxc5 17.
dxc5 Bxc5 18. Bd3 Ke7 19. Bxb5 Rhd8 20. Bd2 Bxf3 21. gxf3 Rd5 22. Be2 Bd6 23. Rac1 Ra8 24. e4 Rd4 25. Rc4 Rxc4 26. Bxc4 Nh5 27. Kf1 Rc8 28.
b3 Ra8 29. Ra1 Nf4 30. Be3 Be5 31. Rd1 Rxa2 32. Bc5+ Kf6 33. Bxb4 Nh3 34. Be1 Nf4 35. b4 Rc2 36. Bd3 Rb2 37. Ba6 h5 38. h4 Ng6 39. b5 Nxh4 40. f4 Bxf4 41. Bc3+ Be5 42.
Bxb2 Bxb2 43. b6 Be5 44. b7 Nf3 45. Rd8 1-0

[Event "*** SCC Grand Prix: Titled Tuesday Blitz"]
[Site "Chess.com"]
[Date "2020.06.02"]
[Round "3"]
[White "Angel_Hranitel_37"]
[Black "DortmundCity"]
[Result "0-1"]
[WhiteElo "2379"]
[BlackElo "2583"]
[TimeControl "180+1"]
[EndTime "10:29:19 PDT"]
[Termination "DortmundCity won by checkmate"]

1. d4 d5 2. c4 c6 3. cxd5 cxd5 4. Bg5 Nc6 5. Nc3 h6 6. Bh4 g5 7. Bg3 Bg7 8. e3 Nf6 9. Bd3 O-O 10. Nf3 Bg4 11. h4 gxh4 12. Rxh4 h5 13. Rc1 Rc8 14. Bb1 e6 15. a3 Ne7 16. Be5 Ng6 17. Bxg6 fxg6 18.
Rh2 Ne4 19. Bxg7 Kxg7 20. Qb3 Qc7 21. Rh1 Bxf3 22. gxf3 Rxf3 23. Rf1 Rcf8 24. Ne2 Qa5+ 25. Qb4 Qxb4+ 26. axb4 Rxf2 27. Rc7+ R8f7 28. Rxf2 Rxc7 29. Rg2 Kf6 30. Kd1 g5 31. Rh2 h4 32. Ng1 Kf5 33. Nf3 Kg4 34. Ne5+ Kg3 35. Re2 h3 36. Re1 h2 37. b3 Nf2+ 38. Ke2 h1=Q 39. Rxh1 Nxh1 40.
b5 Nf2 41. e4 Nxe4 42. b4 Nc3+ 43. Kd3 Nxb5 44. Ng6 Nd6 45. Ne5 Nc4 46. Ng6 Rf7 47. Nf8 Rxf8 48. b5 b6 49. Kc3 Kf3 50. Kb4 Ke4 51.
Ka4 Kxd4 52. Kb3 Kd3 53. Ka4 d4 54. Kb4 e5 55. Kb3 e4 56. Ka2 g4 57. Kb3 e3 58.
Kb4 Nd2 59. Ka4 Ne4 60. Kb4 e2 61. Kb3 e1=Q 62. Ka3 Kc4 63. Ka4 Qb4# 0-1

[Event "*** SCC Grand Prix: Titled Tuesday Blitz"]
[Site "Chess.com"]
[Date "2020.06.02"]
[Round "3"]
[White "attack2mateU"]
[Black "Sibelephant"]
[Result "0-1"]
[WhiteElo "2712"]
[BlackElo "3164"]
[TimeControl "180+1"]
[EndTime "10:29:20 PDT"]
[Termination "Sibelephant won by resignation"]

1. e4 c5 2. Nf3 e6 3. c3 d5 4. exd5 Qxd5 5. d4 Nf6 6. Be2 Nc6 7. O-O cxd4 8. cxd4 Be7 9. Nc3 Qd6 10. Be3 O-O 11. a3 b6 12. Bd3 Bb7 13. Qe2 Nd5 14. Ne4 Qd7 15. Rad1 Rad8 16. Bc1 Qc7 17. Neg5 h6 18. Nxe6 fxe6 19. Qxe6+ Rf7 20. Bg6 Bf8 21. Ne5 Nxe5 22. dxe5 Qe7 23. Bxf7+ Qxf7 24. Qxf7+ Kxf7 25. Rfe1 Ke6 26. Rd3 Rc8 27. Rg3 Ne7 28. h4 g6 29. Bd2 a5 30.
Rb3 Nd5 31. Rg3 Ne7 32. Rb3 Rc2 33. Rxb6+ Bc6 34. Bxa5 Nd5 35. Rb8 Bc5 36. Rf1 Ne3 37. fxe3 Rxg2+ 38. Kh1 Rxb2+ 39. Kg1 Rg2+ 40. Kh1 Rc2+ 41.
Kg1 Bxe3+ 42. Rf2 Bxf2+ 0-1